 Dungeon Crawl Stone Soup version 0.29.1-2-gbd0b4ee654 (webtiles) character file.

Game seed: 10242421803752134992

11790 qeuew the Covert (level 11, -6/52 (58) HPs)
             Began as a Spriggan Hunter on Nov 15, 2022.
             Was a Priest of Dithmenos.
             Mangled by a reaper
             ... wielding a +7 scythe
              (32 damage)
             ... in a Gauntlet.
             The game lasted 00:19:17 (12164 turns).

qeuew the Covert (Spriggan Hunter)                 Turns: 12164, Time: 00:19:17

HP:   -6/52 (58)    AC: 10    Str:  7    XL:     11   Next: 53%
MP:   15/15         EV: 31    Int: 14    God:    Dithmenos [***...]
Gold: 610           SH:  0    Dex: 31    Spells: 8/11 levels left

rFire   . . .      SeeInvis +   j - +2 dagger (drain)
rCold   x . .      Faith    .   (no shield)
rNeg    . . .      Spirit   .   C - +0 steam dragon scales
rPois   .          Reflect  .   B - +1 hat
rElec   +          Harm     .   c - scarf {+Inv}
rCorr   .          Rampage  .   (gloves unavailable)
Will    +....      NoTele   +   (boots unavailable)
Stlth   ++++++++..              (no amulet)
HPRegen 0.17/turn               b - ring "Udovaec" {rElec rC- AC+4 Dex+5}
MPRegen 0.14/turn               o - +6 ring of dexterity

@: wreathed by umbra, heavily drained, very quick
A: very small, no large weapons, unfitting armour, see invisible, speed 3, noise
suppression
a: Renounce Religion, Evoke Invisibility, Shadow Step


You were in a Gauntlet.
You worshipped Dithmenos.
Dithmenos was most pleased with you.
You visited 2 branches of the dungeon, and saw 12 of its levels.
You also visited: Gauntlet.

You collected 610 gold pieces.

Inventory:

Hand Weapons
 j - a +2 dagger of draining (weapon)
 x - a +3 shortbow
Missiles
 v - a throwing net
Armour
 c - a scarf of invisibility (worn)
 B - a +1 hat (worn)
 C - +0 steam dragon scales (worn)
Jewellery
 b - the ring "Udovaec" (left hand) {rElec rC- AC+4 Dex+5}
   (You acquired it on level 2 of the Dungeon)

   [ring of protection]

   AC:        It affects your AC (+4).
   Dex:       It affects your dexterity (+5).
   rC:        It makes you vulnerable to cold.
   rElec:     It insulates you from electricity.
 o - a +6 ring of dexterity (right hand)
Wands
 g - a wand of flame (46)
 r - a wand of mindburst (5)
Scrolls
 a - a scroll of vulnerability
 e - a scroll of silence
 i - a scroll of butterflies
 k - a scroll of magic mapping
 l - 2 scrolls of enchant weapon
 n - a scroll of fear
 s - 2 scrolls of teleportation
 t - a scroll of amnesia
 y - a scroll of identify
Potions
 d - 2 potions of curing
 f - 3 potions of haste
 h - 2 potions of might
 p - 2 potions of mutation
 q - a potion of invisibility
 u - 2 potions of brilliance
 w - a potion of resistance
 z - a potion of ambrosia
 A - a potion of flight
Miscellaneous
 m - a phantom mirror


   Skills:
 + Level 6.4 Fighting
 + Level 7.8 Short Blades
 + Level 8.5 Ranged Weapons
 + Level 10.1 Dodging
 + Level 11.5 Stealth
 + Level 0.9 Spellcasting
 + Level 1.0 Hexes
 + Level 4.2 Invocations
 + Level 9.2 Evocations


You had 8 spell levels left.
You knew the following spells:

 Your Spells              Type           Power      Damage    Failure   Level
a - Portal Projectile     Hex/Tloc       4%         N/A       54%         3

Your spell library contained the following spells:

 Spells                   Type           Power      Damage    Failure   Level
 Magic Dart               Conj           0%         1d3       26%         1
 Searing Ray              Conj           0%         2d4       38%         2
 Static Discharge         Conj/Air       0%         3-3/arc   38%         2
 Call Canine Familiar     Summ           0%         N/A       63%         3
 Fulminant Prism          Conj/Hex       1%         3d6       91%         4
 Leda's Liquefaction      Hex/Erth       1%         N/A       91%         4
 Dispel Undead            Necr           0%         3d6       95%         4
 Sticky Flame             Conj/Fire      0%         2d3       95%         4
 Lightning Bolt           Conj/Air       0%         1d11      100%        5
 Maxwell's Capacitive Co  Air            0%         ∞         100%        8


Dungeon Overview and Level Annotations

Branches:
Dungeon (11/15)            Temple (1/1) D:5            Lair (0/5) D:11
    Orc (0/2) D:9         Gauntlet (1/1)

Altars:
Cheibriados
Dithmenos
Elyvilon
Gozag
Kikubaaqudgha
Makhleb
Nemelex Xobeh
Okawaru
Qazlal
Ru
Sif Muna
Trog
Vehumet
Wu Jian
Xom
Yredelemnul
Zin

Shops:
D:7 =   D:10 [

Annotations:
D:8 3 runed translucent doors, Barsook's ghost, novice DrFi Gauntlet 7 transporters


Innate Abilities, Weirdness & Mutations

You are very small and have problems with some larger weapons.
You are too small for most types of armour.
You have supernaturally acute eyesight. (SInv)
You cover ground extremely quickly. (Speed+++)
You passively dampen the noise of your surroundings.


Message History

Found a phantom mirror.
You see here a phantom mirror.
You see here a phantom mirror.
m - a phantom mirror You flicker for a moment.
There is a transporter here.
t - a scroll labelled HOGHYPT PYWOWK
There is a transporter here.
You enter the transporter and appear at another place.
You flicker back into view.
There is a transporter landing site here.
Found a transporter.
As you read the scroll of identify, it crumbles to dust.
t - a scroll of amnesia
Okay, then.
What are your orders? t - Shout!
Orders for allies: a - Attack new target. r - Retreat! s - Stop attacking. g - Guard the area. f - Follow me.
Anything else - Cancel.
Okay, then.
Okay, then.
Your magical contamination has completely faded away.
There is a transporter here.
Found a plate armour.
The reaper whispers, "Time's up, qeuew!"
The reaper whispers, "Time's up, qeuew!"
There is a transporter here.
The hellwing gives a chilling moan.
There is a transporter here.
There is a transporter here.
You enter the transporter and appear at another place.
Found 17 gold pieces.
The reaper hits you with a +7 scythe.
Found a shiny agate ring and a pair of spiked gloves.
Found a gate leading back out of this place.
Found two transporters.
The reaper hits you from afar with a +7 scythe!!
Ouch! That really hurt!
You die...

#..........#..###########
.#########..#...#.#...# .
#.......#..#..#...#..# 8.
#..##5.#..#.##...##.# ..#
#..##4#..#..##.#..## ∩.#©
#©.###©©#©.#.©)...#
..#[.##.2##..#..##.#..##
8.#=[.##..#..#.##...##.#
..#....@..#..#..#...#..#
..#########..#...#.#...#
..........#..###########
..#########..#.........#
..#.....#3#..#.........#
..#.###.#.#..#..##≈##..#
..#$^.###.#..#..§###≈..#
..#©..©...#©.#..## ##..#
^.###.#..#..§# #≈..#


You could see a reaper and a sixfirhy.

Vanquished Creatures
  A two-headed ogre (D:8)
  Amaemon (D:10)
  An orange demon (D:10)
  A smoke demon (Gauntlet)
  Psyche (D:9)
  3 kobold demonologists (D:10)
  A troll (D:9)
  A red devil (Gauntlet)
  A raiju (Gauntlet)
  A shadow (D:9)
  21 yaks (D:9)
  A wraith (D:9)
  Menkaure (D:7)
  4 steam dragons
  Duvessa (D:3)
  4 water moccasins
  6 orc warriors
  A black bear (D:6)
  2 ice beasts
  A sky beast (D:8)
  2 ogres
  2 centaurs (D:9)
  A phantom (D:6)
  5 kobold brigands
  7 bullfrogs
  A necrophage (D:5)
  A scorpion (D:5)
  5 wights (D:8)
  Dowan (D:4)
  3 killer bees (D:10)
  2 electric eels (D:10)
  2 crimson imps (Gauntlet)
  4 hounds
  9 orc priests
  Crazy Yiuf (D:2)
  2 iguanas
  3 jellies
  Natasha (thrice) (D:4)
  12 orc wizards
  Robin (D:2)
  3 gnolls (D:2)
  4 adders
  A shadow imp (D:7)
  3 white imps (D:7)
  An ufetubus (D:5)
  4 worms
  A dart slug (D:1)
  47 orcs
  9 endoplasms
  3 giant cockroaches
  8 hobgoblins
  4 jackals (D:1)
  7 kobolds
  3 quokkas
  10 ball pythons
  3 bats (D:2)
  A frilled lizard (D:2)
  15 goblins
  4 rats
252 creatures vanquished.

Vanquished Creatures (others)
  A goblin (D:4)
  5 plants (D:8)
6 creatures vanquished.

Grand Total: 258 creatures vanquished

Notes
Turn   | Place    | Note
-------+----------+-------------------------------------------
     0 | D:1      | qeuew the Spriggan Hunter began the quest for the Orb.
     0 | D:1      | Reached XP level 1. HP: 10/10 MP: 2/2
   242 | D:1      | Reached skill level 2 in Stealth
   357 | D:1      | Reached XP level 2. HP: 15/15 MP: 3/3
   883 | D:2      | Reached XP level 3. HP: 9/18 MP: 4/4
  1240 | D:2      | Reached skill level 1 in Short Blades
  1241 | D:2      | Noticed Robin
  1297 | D:2      | Killed Robin
  1299 | D:2      | Reached skill level 3 in Stealth
  1545 | D:2      | Reached XP level 4. HP: 23/23 MP: 5/5
  1940 | D:2      | Found a faded altar of an unknown god.
  1958 | D:2      | Reached skill level 1 in Evocations
  2182 | D:2      | Found a runed translucent door.
  2183 | D:2      | Noticed Crazy Yiuf
  2191 | D:2      | Killed Crazy Yiuf
  2192 | D:2      | Reached XP level 5. HP: 27/27 MP: 6/6
  2200 | D:2      | Identified a scroll of acquirement
  2200 | D:2      | Acquired the ring "Udovaec" {rElec rC- AC+4 Dex+5}
  3209 | D:4      | Noticed Natasha
  3219 | D:4      | Killed Natasha
  3302 | D:4      | Noticed Natasha
  3670 | D:4      | Noticed Duvessa
  3675 | D:3      | Reached skill level 4 in Stealth
  3816 | D:4      | Noticed Dowan
  3823 | D:4      | Killed Dowan
  3824 | D:4      | Reached XP level 6. HP: 29/32 MP: 7/7
  3853 | D:3      | Killed Duvessa
  4252 | D:4      | Killed Natasha
  4253 | D:4      | Reached skill level 5 in Stealth
  4299 | D:4      | Reached skill level 5 in Ranged Weapons
  4337 | D:4      | Noticed Natasha
  4589 | D:4      | Killed Natasha
  4590 | D:4      | Reached XP level 7. HP: 23/36 MP: 8/8
  4706 | D:4      | Found a shimmering altar of Xom.
  4932 | D:4      | Gained mutation: You passively dampen the noise of your
                  | surroundings. [potion of mutation]
  4946 | D:5      | Entered Level 5 of the Dungeon
  4982 | D:5      | Reached skill level 5 in Dodging
  5102 | D:5      | Found a staircase to the Ecumenical Temple.
  5173 | Temple   | Entered the Ecumenical Temple
  5193 | Temple   | Became a worshipper of Dithmenos the Shadowed
  5615 | D:5      | Found a sparkling altar of Nemelex Xobeh.
  5891 | D:5      | Found an ornate altar of the Wu Jian Council.
  5983 | D:6      | Reached skill level 6 in Stealth
  6088 | D:6      | Reached XP level 8. HP: 31/41 MP: 9/9
  6757 | D:7      | Reached skill level 7 in Stealth
  6945 | D:7      | Reached skill level 5 in Evocations
  7049 | D:7      | Noticed Menkaure
  7051 | D:7      | Reached * piety under Dithmenos
  7057 | D:7      | Killed Menkaure
  7268 | D:7      | Found Givojo's Jewellery Emporium.
  7422 | D:7      | Reached XP level 9. HP: 34/46 MP: 10/10
  7826 | D:8      | Found a runed translucent gate.
  7827 | D:8      | Found a runed translucent gate.
  7828 | D:8      | Noticed Barsook's ghost (novice DrFi)
  7829 | D:8      | Found a runed translucent gate.
  7829 | D:8      | Noticed a ten-headed hydra
  7829 | D:8      | Noticed an 11-headed hydra
  7858 | D:8      | Reached skill level 5 in Short Blades
  7865 | D:8      | Reached skill level 8 in Stealth
  7943 | D:8      | Noticed a two-headed ogre
  7953 | D:8      | Killed a two-headed ogre
  8046 | D:8      | Found a radiant altar of Vehumet.
  8122 | D:8      | Reached skill level 5 in Fighting
  8127 | D:8      | Reached skill level 9 in Stealth
  8266 | D:8      | Found a glowing silver altar of Zin.
  8674 | D:8      | Reached ** piety under Dithmenos
  8792 | D:8      | Reached XP level 10. HP: 37/51 MP: 11/11
  8970 | D:9      | Reached skill level 1 in Invocations
  9664 | D:9      | Noticed Psyche
  9671 | D:9      | Killed Psyche
  9672 | D:9      | Reached skill level 10 in Stealth
  9993 | D:9      | Reached *** piety under Dithmenos
 10104 | D:9      | Reached XP level 11. HP: 56/56 MP: 14/14
 10138 | D:9      | Found a staircase to the Orcish Mines.
 10782 | D:10     | Entered Level 10 of the Dungeon
 10881 | D:10     | Reached skill level 11 in Stealth
 11025 | D:10     | Noticed Amaemon
 11037 | D:10     | Killed Amaemon
 11278 | D:10     | Noticed a sixfirhy
 11410 | D:10     | Found an opulent altar of Gozag.
 11461 | D:10     | Found Zogaicly's Armour Emporium.
 11559 | D:10     | Identified the +1 chain mail of Nemelex Xobeh's Fury {rPois
                  | rCorr Dex+5}
 11654 | D:10     | Reached skill level 10 in Dodging
 11697 | D:10     | Reached **** piety under Dithmenos
 11936 | D:10     | Learned a level 3 spell: Portal Projectile
 11957 | D:11     | Found a gate leading to a gauntlet.
 11966 | Gauntlet | Entered a Gauntlet
 11966 | Gauntlet | Found a transporter.
 11966 | Gauntlet | Found a transporter.
 11972 | Gauntlet | Found a transporter.
 11972 | Gauntlet | Found a transporter.
 12003 | Gauntlet | Found a transporter.
 12021 | Gauntlet | Found a transporter.
 12039 | Gauntlet | Found a transporter.
 12039 | Gauntlet | Found a transporter.
 12070 | Gauntlet | Reached skill level 1 in Hexes
 12076 | Gauntlet | Found a transporter.
 12077 | Gauntlet | Noticed a fire crab
 12081 | Gauntlet | Noticed a reaper
 12090 | Gauntlet | Noticed a sixfirhy
 12113 | Gauntlet | Found a transporter.
 12130 | Gauntlet | Noticed a sixfirhy
 12164 | Gauntlet | Found a transporter.
 12164 | Gauntlet | Found a transporter.
 12164 | Gauntlet | Mangled by a reaper

Illustrated notes

Levels and vault maps discovered:
D:1:      dpeg_arrival_round_a, layout_loops_cross, roderic_serpentine_path
D:2:      layout_loops_ring, shapermc_ecumenical_altar_starsandcircs,
          uniq_crazy_yiuf_cottage, uniq_robin
D:3:      layout_basic
D:4:      layout_rooms, xom_confusion_cloud, st_stairs_6, uniq_duvessa,
          uniq_natasha
D:5:      layout_basic, nzn_wu_jian_council_hall, nemelex_dance_club_becter,
          minmay_temple_entry_statues_pillars
D:6:      layout_cave_pools, serial_column_ruins, column_ruins_open_medium,
          column_ruins_columns_dead_end, column_ruins_grid_3,
          column_ruins_grid_2, column_ruins_grid_3
D:7:      layout_cave_pods, serial_shops, shop, minmay_misc_feat_rows,
          uniq_menkaure
D:8:      layout_rooms, zin_treasury, mainiacjoe_overflow_concentric_impassable,
          gammafunk_ghost_hydra_chop, st_stairs_3,
          minmay_fractal_squares_gapless_5
D:9:      layout_basic, minmay_orc_entry_temple_small, grunt_ministairs_14,
          uniq_psyche
D:10:     layout_roguey, mainiacjoe_overflow_alcove_2, serial_shops, shop,
          minivault_14, uniq_amaemon
D:11:     layout_stronghold, david_lair_shrubbed, ebering_ghost_gozag,
          gauntlet_entry_generic, grunt_qazlal_clouds
Temple:   compressed_dpeg_triangle_lava_temple
Gauntlet: gammafunk_gauntlet_mixed_choke_point
          [minmay_gauntlet_arena_77_double_cross,
          minmay_gauntlet_arena_77_checkered,
          minmay_gauntlet_arena_77_hold_the_fort,
          gammafunk_gauntlet_arena_chambers, minmay_gauntlet_arena_77_mirror,
          minmay_gauntlet_arena_77_two_lines, minmay_gauntlet_arena_77_box,
          gauntlet_exit_green]

Skill      XL: |  1  2  3  4  5  6  7  8  9 10 11 |
---------------+----------------------------------+-----
Stealth        | 2 3 4 5 6 7 9 10 11 | 11.5
Dodging        | 3 4 5 7 8 9 10 | 10.1
Fighting       | 2 3 4 5 6 |  6.4
Short Blades   | 1 2 3 4 6 7 |  7.8
Evocations     | 1 2 3 4 5 7 8 9 |  9.2
Ranged Weapons | 5 6 7 8 |  8.5
Invocations    | 3 4 |  4.2
Hexes          | 1 |  1.0
Spellcasting   | |  0.9

Action                   |  1- 3 |  4- 6 |  7- 9 | 10-12 || total
-------------------------+-------+-------+-------+-------++-------
Melee: Dagger            |       |    17 |       |    13 ||    30
 Fire: Shortbow          |   108 |   143 |   327 |   487 ||  1065
Throw: Throwing net      |       |     1 |       |       ||     1
Invok: Shadow Step       |       |       |       |     1 ||     1
 Abil: Evoke Invisibilit |       |       |       |     1 ||     1
  Use: Scroll            |     2 |    11 |     4 |     5 ||    22
       Potion            |     1 |     2 |     6 |     4 ||    13
 Stab: Sleeping          |       |     1 |       |       ||     1
       Invisible         |       |       |       |     3 ||     3
Armor: Robe              |     4 |     8 |    16 |       ||    28
       Steam dragon scal |       |       |     3 |    41 ||    44
Dodge: Dodged            |    43 |    55 |   233 |   511 ||   842
